 Dungeon Crawl Stone Soup version 0.29-a0-121-g8efb068a30 (webtiles) character file.

Game seed: 12241581282097217518

7072 Gargoyl the Carver (level 11, -1/67 HPs)
             Began as a Gargoyle Abyssal Knight on Feb 20, 2022.
             Was a Priest of Lugonu.
             Slain by an 11-headed hydra (4 damage)
             ... on level 8 of the Dungeon.
             The game lasted 00:10:59 (10105 turns).

Gargoyl the Carver (Gargoyle Abyssal Knight)       Turns: 10105, Time: 00:11:00

Health: -1/67      AC: 31    Str: 21    XL:     11   Next: 9%
Magic:  5/13       EV:  6    Int: 16    God:    Lugonu [***...]
Gold:   259        SH: 16    Dex: 10    Spells: 10/10 levels left

rFire   . . .      SeeInvis +   u - +5 falchion (holy)
rCold   + . .      Faith    .   b - +1 kite shield
rNeg    + + .      Spirit   .   x - +4 plate armour of the First Quests {rN+ Int+5}
rPois   ∞          Reflect  +   w - +0 helmet
rElec   +          Harm     .   e - +2 cloak {rPois}
rCorr   .          Rampage  .   (no gloves)
Will    .....                   v - +1 pair of boots
Stlth   ..........              A - amulet of reflection
HPRegen 0.21/turn               i - ring of see invisible
MPRegen 0.13/turn               m - ring of protection from cold

@: studying Transmutations
A: sickness immunity, AC +8, negative energy resistance 1, electricity
resistance, torment resistance 1, petrification resistance
a: Renounce Religion, Depart the Abyss, Bend Space, Banish


You were on level 8 of the Dungeon.
You worshipped Lugonu.
Lugonu was most pleased with you.
You visited 1 branch of the dungeon, and saw 9 of its levels.
You visited the Abyss 1 time.

You collected 479 gold pieces.
You spent 220 gold pieces at shops.

Inventory:

Hand Weapons
 a - a +2 hand axe of protection
 u - a +5 falchion of holy wrath (weapon)
Missiles
 d - 28 poisoned darts (quivered)
 t - a throwing net
Armour
 b - a +1 kite shield (worn)
 e - a +2 cloak of poison resistance (worn)
 v - a +1 pair of boots (worn)
 w - a +0 helmet (worn)
 x - the +4 plate armour of the First Quests (worn) {rN+ Int+5}
   (You found it on level 8 of the Dungeon)

   Int:       It affects your intelligence (+5).
   rN:        It protects you from negative energy.
Jewellery
 h - a ring of resist corrosion
 i - a ring of see invisible (left hand)
 m - a ring of protection from cold (right hand)
 y - a ring of flight
 A - an amulet of reflection (around neck)
Wands
 r - a wand of paralysis (4)
 F - a wand of flame (21)
Scrolls
 k - 6 scrolls of teleportation
 o - 3 scrolls of fog
 q - a scroll of enchant armour
 z - a scroll of holy word {unknown}
 B - a scroll of blinking
 G - a scroll of vulnerability {unknown}
Potions
 c - 2 potions of brilliance
 f - 6 potions of curing
 g - a potion of berserk rage
 j - 2 potions of lignification
 l - 2 potions of degeneration {unknown}
 n - 2 potions of invisibility {unknown}
 p - 2 potions of flight {unknown}
 s - a potion of experience {unknown}
 C - a potion of cancellation {unknown}
 D - a potion of haste {unknown}
 E - a potion of resistance
 H - a potion of might {unknown}


   Skills:
 + Level 7.2 Fighting
 + Level 8.4 Long Blades
 + Level 4.3 Axes
 + Level 1.5 Throwing
 + Level 5.8 Armour
 + Level 5.6 Dodging
 + Level 2.0 Stealth
 + Level 8.2 Shields
 * Level 3.0 Invocations


You had 10 spell levels left.
You didn't know any spells.
Your spell library contained the following spells:

 Spells                   Type           Power      Damage    Failure   Level
 Animate Skeleton         Necr           0%         N/A       100%        1
 Apportation              Tloc           0%         N/A       100%        1
 Pain                     Necr           0%         1d4       100%        1
 Summon Small Mammal      Summ           0%         N/A       100%        1
 Gell's Gravitas          Tloc           0%         N/A       100%        3
 Teleport Other           Tloc           0%         N/A       100%        3
 Agony                    Necr           0%         N/A       100%        5
 Excruciating Wounds      Necr           0%         N/A       100%        5
 Dispersal                Tloc           0%         N/A       100%        6


Dungeon Overview and Level Annotations

Branches:
Dungeon (9/15)             Temple (0/1) D:4            Lair (0/6) D:8
    Orc: D:9-12

Altars:
Ashenzari
Fedhas
Makhleb
Ru
Wu Jian
Yredelemnul
Zin

Shops:
D:4 *[(=   D:6 *

Annotations:
D:4 2 transporters, exclusion: oklob sapling


Innate Abilities, Weirdness & Mutations

You are immune to sickness and miasma.
Your stone body is resilient. (AC +8)
You are immune to poison.
You resist negative energy. (rN+)
You are resistant to electric shocks. (rElec)
You are resistant to unholy torment.
You are immune to petrification.


Message History

The 11-headed hydra closely misses you.
The 11-headed hydra bites you but does no damage.
The 11-headed hydra barely misses you.
The 11-headed hydra bites you but does no damage.
You block the 11-headed hydra's attack. x2
The 11-headed hydra bites you but does no damage.
Space bends around you!
You blink.
Press: ? - help, Shift-Dir - straight line, f/p - 11-headed hydra
Aim: an 11-headed hydra (chance to affect: 50%)
The 11-headed hydra resists with some effort.
You don't have enough magic at the moment.
Press: ? - help, Shift-Dir - straight line, f/p - 11-headed hydra
Aim: an 11-headed hydra (chance to affect: 50%)
You fail to use your ability.
Unknown command.
Press: ? - help, Shift-Dir - straight line, f/p - 11-headed hydra
Aim: an 11-headed hydra (chance to affect: 50%)
You fail to use your ability.
You block the 11-headed hydra's attack. The 11-headed hydra barely misses you.
The 11-headed hydra bites you but does no damage.
The 11-headed hydra bites you.
The 11-headed hydra bites you but does no damage.
You block the 11-headed hydra's attack.
The 11-headed hydra bites you but does no damage. x4
The 11-headed hydra bites you!
Press: ? - help, Shift-Dir - straight line, f/p - 11-headed hydra
Aim: an 11-headed hydra (chance to affect: 50%)
You fail to use your ability.
You block the 11-headed hydra's attack. x2
The 11-headed hydra bites you but does no damage. x2
You block the 11-headed hydra's attack.
The 11-headed hydra bites you but does no damage. x2
The 11-headed hydra bites you.
* * * LOW HITPOINT WARNING * * *
The 11-headed hydra bites you.
* * * LOW HITPOINT WARNING * * *
The 11-headed hydra bites you!
* * * LOW HITPOINT WARNING * * *
The 11-headed hydra barely misses you.
You block the 11-headed hydra's attack. x3; The 11-headed hydra bites you.
You die...

#.#.....#....#.#########
#...#####......###......
##.## #[.........(...##
#.# #..............# #.#
#.......##[....# #.#
##......###...## #.#
##.....##.....#
#.########.#..##.....##
#....D@.......##.......
##########.#.####....##
#.............
###########... ####


You could see a 11-headed hydra.

Vanquished Creatures
  A catoblepas (D:8)
  2 two-headed ogres
  The ghost of paps the Slicer, a novice OpFi (D:9)
  Grinder (D:5)
  Sigmund (D:5)
  A wyvern (D:8)
  A yak (D:8)
  2 steam dragons
  2 basilisks (D:8)
  Menkaure (D:6)
  A water moccasin (D:8)
  Duvessa (D:6)
  3 sky beasts
  2 black bears (D:5)
  A necrophage (D:6)
  An orc warrior (D:8)
  3 ogres
  A centaur (D:8)
  3 bullfrogs
  2 kobold brigands
  3 scorpions
  Dowan (D:6)
  10 killer bees
  2 howler monkeys (D:5)
  A centaur zombie (D:6)
  5 jellies
  2 orc priests
  7 hounds
  Jessica (D:2)
  6 iguanas
  Natasha (thrice) (D:2)
  A human skeleton (D:4)
  4 orc wizards
  A hound skeleton (D:5)
  2 howler monkey zombies (D:5)
  A howler monkey skeleton (D:5)
  5 adders
  A shadow imp (D:7)
  4 white imps
  2 dart slugs (D:1)
  16 orcs
  5 endoplasms
  3 giant cockroaches
  3 hobgoblins
  4 jackals (D:2)
  9 kobolds
  5 quokkas
  A ball python (D:1)
  8 bats
  3 frilled lizards
  2 goblins
  A jackal skeleton (D:4)
  6 rats
159 creatures vanquished.

Vanquished Creatures (others)
  A human (D:4)
  A black bear (D:4)
  2 scorpions (D:4)
  A hound (D:4)
  2 orcs
  A goblin (D:4)
  19 plants
27 creatures vanquished.

Grand Total: 186 creatures vanquished

Notes
Turn   | Place    | Note
-------+----------+-------------------------------------------
     0 | Abyss:1  | Gargoyl the Gargoyle Abyssal Knight began the quest for the
                  | Orb.
     0 | Abyss:1  | Reached XP level 1. HP: 14/14 MP: 2/2
    11 | D:1      | Escaped the Abyss
   494 | D:1      | Reached XP level 2. HP: 19/19 MP: 3/3
   863 | D:1      | Reached * piety under Lugonu
   968 | D:1      | Reached XP level 3. HP: 17/24 MP: 4/4
   970 | D:1      | Reached skill level 1 in Dodging
  1591 | D:2      | Found a glowing silver altar of Zin.
  1615 | D:2      | Noticed Natasha
  1624 | D:2      | Killed Natasha
  1625 | D:2      | Reached XP level 4. HP: 22/29 MP: 5/5
  1625 | D:2      | Noticed Jessica
  1644 | D:2      | Killed Jessica
  1741 | D:2      | Found a faded altar of an unknown god.
  1871 | D:2      | Noticed Natasha
  1881 | D:2      | Killed Natasha
  1882 | D:2      | Reached XP level 5. HP: 26/33 MP: 6/6
  2043 | D:2      | Reached skill level 1 in Shields
  2095 | D:2      | Noticed Natasha
  2106 | D:2      | Killed Natasha
  2501 | D:3      | Identified the +4 hunting sling "Widowermaker" {freeze, Fly
                  | rElec Str+4 Dex+2}
  3155 | D:4      | Reached ** piety under Lugonu
  3196 | D:4      | Found a runed translucent door.
  3196 | D:4      | Noticed a human
  3203 | D:4      | Found a basalt altar of Yredelemnul.
  3222 | D:4      | Reached XP level 6. HP: 26/38 MP: 7/7
  3351 | D:4      | Found a transporter.
  3378 | D:4      | Found Okots's Jewellery Shop.
  3381 | D:4      | Found Gathro Hadera's Antique Weapon Shop.
  3383 | D:4      | Found Wipic's General Store.
  3415 | D:4      | Found Ipsiyv's Armour Shop.
  3672 | D:4      | Bought a +0 pair of boots for 54 gold pieces
  3672 | D:4      | Bought a +0 helmet for 54 gold pieces
  3696 | D:4      | Found a staircase to the Ecumenical Temple.
  3766 | D:4      | Killed a black bear
  3774 | D:4      | Bought a potion of heal wounds for 70 gold pieces
  3774 | D:4      | Bought a scroll of teleportation for 42 gold pieces
  3844 | D:4      | Identified the +4 dagger of Renny {vorpal, +Blink Str+3}
  3922 | D:4      | Found a transporter.
  3952 | D:4      | Reached skill level 1 in Long Blades
  3952 | D:4      | Reached XP level 7. HP: 26/44 MP: 8/8
  4318 | D:4      | Killed a human
  4398 | D:5      | Entered Level 5 of the Dungeon
  4398 | D:5      | Noticed Sigmund
  4526 | D:5      | Killed Sigmund
  4723 | D:5      | Noticed Grinder
  4740 | D:5      | Reached skill level 5 in Fighting
  4744 | D:5      | Reached XP level 8. HP: 38/49 MP: 9/9
  4748 | D:5      | Killed Grinder
  4749 | D:5      | Reached skill level 5 in Armour
  4874 | D:5      | Found a sacrificial altar of Ru.
  5919 | D:5      | Reached skill level 1 in Throwing
  6212 | D:6      | Reached skill level 1 in Stealth
  6212 | D:6      | Reached XP level 9. HP: 50/54 MP: 10/10
  6279 | D:6      | Noticed Duvessa
  6285 | D:6      | Noticed Dowan
  6297 | D:6      | Killed Duvessa
  6306 | D:6      | Killed Dowan
  6416 | D:6      | Found Distitiq's Gadget Gallery.
  6443 | D:6      | Reached *** piety under Lugonu
  6444 | D:6      | Reached skill level 5 in Long Blades
  6616 | D:6      | Noticed Menkaure
  6621 | D:6      | Killed Menkaure
  6818 | D:6      | Reached skill level 5 in Shields
  7305 | D:7      | Noticed a two-headed ogre
  7320 | D:7      | Killed a two-headed ogre
  7658 | D:7      | Reached XP level 10. HP: 56/61 MP: 11/11
  8200 | D:7      | Found a broken altar of Ashenzari.
  8392 | D:8      | Found a glowing silver altar of Zin.
  8487 | D:8      | Noticed a catoblepas
  8523 | D:8      | Killed a catoblepas
  8524 | D:8      | Reached skill level 5 in Dodging
  8834 | D:8      | Noticed a two-headed ogre
  8854 | D:8      | Killed a two-headed ogre
  8855 | D:8      | Found a staircase to the Lair.
  9154 | D:8      | Reached **** piety under Lugonu
  9342 | D:8      | Noticed paps's ghost (novice OpFi)
  9345 | D:8      | Found a runed translucent gate.
  9345 | D:8      | Found a runed translucent gate.
  9345 | D:8      | Noticed an 11-headed hydra
  9346 | D:8      | Found a runed translucent gate.
  9354 | D:8      | Identified the +4 plate armour of the First Quests {rN+
                  | Int+5}
  9492 | D:8      | Found a burning altar of Makhleb.
  9766 | D:8      | Found an ornate altar of the Wu Jian Council.
  9932 | D:9      | Killed paps's ghost
  9933 | D:9      | Reached XP level 11. HP: 64/67 MP: 11/13
  9966 | D:9      | Found a blossoming altar of Fedhas.
 10099 | D:8      | HP: 2/67 [11-headed hydra (10)]
 10105 | D:8      | Slain by an 11-headed hydra

Illustrated notes

Levels and vault maps discovered:
D:1:      minmay_arrival_wavy_path, layout_loops_ring, serial_forest,
          infiniplex_forest_straight_3, infiniplex_forest_clump_long,
          infiniplex_forest_lined_2, infiniplex_forest_straight_2,
          infiniplex_forest_lined_3, infiniplex_forest_lined_room_2,
          chequers_serial_rivers_large_b
D:2:      layout_loops_ring, basic_altar,
          shapermc_ecumenical_altar_mp_ritualfount, uniq_natasha, uniq_jessica
D:3:      layout_basic
D:4:      gammafunk_cloud_chamber, layout_cave_pools, dk_yredelemnul_ordeal,
          minmay_temple_entry_oklob, serial_column_ruins, column_ruins_grid_2,
          column_ruins_open_tiny, column_ruins_open_tiny,
          column_ruins_open_small, corexii_item_surrounded_by_moat,
          minmay_shop_grid_forest, kennysheep_generic_room_13
D:5:      layout_cave_pods, mainiacjoe_overflow_paths, uniq_grinder,
          uniq_sigmund
D:6:      layout_cave_pods, nicolae_shop_gadgets, uniq_duvessa, uniq_menkaure
D:7:      layout_loops_ring, mainiacjoe_overflow_alcove_1
D:8:      layout_loops_ring, lemuel_coloured_pillars_altar, zin_academy,
          nzn_wu_jian_council_hall, david_lair_generic,
          gammafunk_ghost_hydra_chop
D:9:      layout_basic, nicolae_uskayaw_murder_on_the_dancefloor,
          kennysheep_mini_moat, mainiacjoe_overflow_24_doors

Skill      XL: |  1  2  3  4  5  6  7  8  9 10 11 |
---------------+----------------------------------+-----
Axes           | 2 3 4 |  4.3
Dodging        | 1 2 4 5 |  5.6
Fighting       | 4 5 6 7 |  7.2
Shields        | 1 2 3 4 6 8 |  8.2
Armour         | 3 4 5 |  5.8
Long Blades    | 1 2 4 6 8 |  8.4
Throwing       | 1 |  1.5
Stealth        | 1 2 |  2.0
Invocations    | 3 |  3.0

Action                   |  1- 3 |  4- 6 |  7- 9 | 10-12 || total
-------------------------+-------+-------+-------+-------++-------
Melee: Hand axe          |    91 |   133 |       |       ||   224
       Punch             |     2 |       |       |       ||     2
       Falchion          |       |    12 |   266 |   253 ||   531
Throw: Dart              |       |     3 |    10 |       ||    13
Invok: Depart the Abyss  |     1 |       |       |       ||     1
       Banish            |       |       |       |     3 ||     3
       Bend Space        |       |       |       |     1 ||     1
  Use: Scroll            |     3 |     9 |     3 |     5 ||    20
       Potion            |       |     1 |       |     3 ||     4
Armor: Leather armour    |    51 |       |       |       ||    51
       Ring mail         |    21 |    53 |       |       ||    74
       Chain mail        |       |    31 |    81 |       ||   112
       Steam dragon scal |       |       |    99 |    63 ||   162
       Plate armour      |       |       |       |    40 ||    40
Dodge: Dodged            |    88 |    59 |   115 |   103 ||   365
Block: Kite shield       |     9 |    77 |   140 |   188 ||   414
       Reflection        |       |       |       |     1 ||     1

Table legend: (Time is in decaauts)
 A = Elapsed time spent in this place.
 B = Non-inter-level travel time spent in this place.
 C = Inter-level travel time spent in this place.
 D = Time resting spent in this place.
 E = Time spent auto-exploring this place.
 F = Levels seen in this place.
 G = Mean time per level.
                   A        B        C        D        E       F      G
               +--------+--------+--------+--------+--------+-----+--------+
         Total |  10322 |  10114 |    208 |    675 |   7424 |  10 | 1032.2 |
       Dungeon |  10311 |  10103 |    208 |    675 |   7414 |   9 | 1145.7 |
         Abyss |     11 |     11 |      0 |      0 |     10 |   1 |   11.0 |
               +--------+--------+--------+--------+--------+-----+--------+

Top non-repeatable levels by time:
     D:8: 1597 daAuts
     D:5: 1506 daAuts
     D:4: 1391 daAuts
     D:7: 1343 daAuts
     D:1: 1339 daAuts
     D:2: 1131 daAuts
     D:6: 1075 daAuts
     D:3: 767 daAuts
     D:9: 159 daAuts
 Abyss:1: 11 daAuts
